 Dungeon Crawl Stone Soup version 0.31.0-11-ge490571c62 (webtiles) character file.

Game seed: 224663065007648414

1963362 bakla the Storyteller (level 24, 207/207 HPs)
             Began as a Minotaur Warper on Jan 31, 2024.
             Was a Believer of Hepliaklqana.
             Escaped with the Orb
             ... and 3 runes!
             The game lasted 01:28:37 (47564 turns).

bakla the Storyteller (Minotaur Warper)            Turns: 47564, Time: 01:28:37

Health: 207/207    AC: 36    Str: 24 (25) XL:     24   Next: 10%
Magic:  46/46      EV: 12    Int: 19      God:    Hepliaklqana [**....]
Gold:   2949       SH: 24    Dex: 14 (15) Spells: 25/25 levels left

rFire   + + .        C - +11 Singing Sword {sonic wave}
rCold   + . .        V - +3 tower shield
rNeg    + + .        l - +5 gold dragon scales
rPois   +            (helmet unavailable)
rElec   +            y - +2 cloak {rCorr}
rCorr   +            J - +0 pair of gloves
SInv    +            x - +1 pair of boots "Heggojuo" {Int+5 SInv}
Will    ++...        T - amulet of Vitality {RegenMP++ Regen++} Stlth
                     U - ring of Taw Umacekis {Fly rPois rN+ Will+ Stlth+}
HPRegen 2.14/turn    r - ring of the Unkillable {rF+ rN+ MP+9 Str+4}
MPRegen 1.10/turn

%: no passive effects
@: flying, studying 2 skills
A: reduced essence, horns 3, retaliatory headbutt, clever 1, electricity
resistance
0: Orb of Zot
}: 3/15 runes: barnacled, abyssal, gossamer
a: Renounce Religion, Recall Ancestor, Ancestor Identity


You escaped.
You worshipped Hepliaklqana.
Hepliaklqana was pleased with you.
You visited 8 branches of the dungeon, and saw 42 of its levels.
You visited the Abyss 3 times.
You visited 1 bazaar.
You also visited: Bailey.

You collected 6570 gold pieces.
You spent 3621 gold pieces at shops.

Inventory:

Hand Weapons
 C - the +11 Singing Sword (weapon) {sonic wave}
   (You found it on level 4 of the Dungeon)
 L - the +9 double sword of the Riding Priest {antimagic, rElec Str+2 Stlth+}
   (You acquired it on level 4 of the Spider Nest)

   Str+2:     It affects your strength (+2).
   rElec:     It insulates you from electricity.
   Stlth+:    It makes you more stealthy.
Missiles
 v - 4 curare-tipped darts
Armour
 l - +5 gold dragon scales (worn)
 s - a +4 plate armour of fire resistance
 t - a +2 hat of stealth
 x - the +1 pair of boots "Heggojuo" (worn) {Int+5 SInv}
   (You found it on level 4 of the Spider Nest)

   Int+5:     It affects your intelligence (+5).
   SInv:      It lets you see invisible.
 y - a +2 cloak of preservation (worn)
 J - a +0 pair of gloves (worn)
 V - a +3 tower shield (worn)
Jewellery
 f - a ring of protection from cold
 o - a ring of willpower
 r - the ring of the Unkillable (right hand) {rF+ rN+ MP+9 Str+4}
   (You took it off a deep elf blademaster on level 3 of the Elven Halls)

   [ring of magical power]

   Str+4:     It affects your strength (+4).
   rF+:       It protects you from fire.
   rN+:       It protects you from negative energy.
   MP+9:      It affects your magic capacity (+9).
 T - the amulet of Vitality (around neck) {RegenMP++ Regen++}
   (You took it off a deep elf high priest on level 3 of the Elven Halls)

   [amulet of magic regeneration]

   RegenMP:   It increases your rate of magic regeneration.
   Regen++:   It increases your rate of health regeneration.
 U - the ring of Taw Umacekis (left hand) {Fly rPois rN+ Will+ Stlth+}
   (You found it on level 1 of the Lair of Beasts)

   [ring of flight]

   rPois:     It protects you from poison rN+: It protects you from negative
   energy.
   Will+:     It increases your willpower.
   Fly:       It grants you flight.
   Stlth+:    It makes you more stealthy.
 Z - a ring of the Octopus King {HP+2 AC+2 EV+2 SH+2 SInv}
   (You took it off a deep elf high priest on level 3 of the Elven Halls)

   [ring of see invisible]

   AC+2:      It affects your AC (+2).
   EV+2:      It affects your evasion (+2).
   HP+2:      It affects your health (+2).
   SInv:      It lets you see invisible.
   SH+2:      It affects your SH (+2).
Wands
 A - a wand of flame (108)
 P - a wand of digging (23)
 Q - a wand of iceblast (16)
 S - a wand of light (25)
 Y - a wand of paralysis (5)
Scrolls
 b - a scroll of enchant armour
 c - 3 scrolls of blinking
 d - 2 scrolls of summoning
 g - 2 scrolls of brand weapon
 j - 4 scrolls of fear
 m - a scroll of silence
 n - 10 scrolls of teleportation
 p - 9 scrolls of poison
 q - 10 scrolls of fog
 u - 9 scrolls of enchant weapon
 w - 6 scrolls of noise
 G - a scroll of immolation
 K - 9 scrolls of vulnerability
Potions
 e - 3 potions of enlightenment
 i - 4 potions of berserk rage
 k - 6 potions of attraction
 z - 6 potions of might
 B - 8 potions of cancellation
 D - 7 potions of haste
 E - a potion of curing
 F - 2 potions of resistance
 H - 8 potions of ambrosia
 N - a potion of invisibility
 R - 11 potions of brilliance
 W - 6 potions of mutation
Miscellaneous
 I - a tin of tremorstones (2/2)
 X - a phial of floods


   Skills:
 + Level 22.1 Fighting
 - Level 16.0 Long Blades
 - Level 9.9 Axes
 - Level 1.0 Throwing
 - Level 20.0 Armour
 - Level 20.0 Dodging
 - Level 20.0 Shields
 - Level 1.3 Spellcasting
 - Level 2.1 Translocations
 + Level 23.2 Invocations
 - Level 6.0 Evocations


You had 25 spell levels left.
You didn't know any spells.
Your spell library contained the following spells:

 Spells                   Type           Power      Damage    Failure   Level
 Blink                    Tloc           18%        N/A       97%         2
 Lesser Beckoning         Tloc           18%        N/A       97%         2
 Foxfire                  Conj/Fire      4%         2x1d4     99%         1
 Kiss of Death            Conj/Necr      4%         2d5       99%         1
 Necrotise                Necr           4%         1d4       99%         1
 Sandblast                Erth           2%         2d4       99%         1
 Shock                    Conj/Air       4%         1d3       99%         1
 Sting                    Conj/Alch      4%         1d3       99%         1
 Teleport Other           Tloc           9%         N/A       99%         3
 Cigotuvi's Dreadful Rot  Necr/Alch/Air  2%         N/A       100%        2
 Mercury Vapours          Alch/Air       2%         N/A       100%        2
 Scorch                   Fire           2%         2d5       100%        2
 Static Discharge         Conj/Air       2%         3-4/arc   100%        2
 Confusing Touch          Hex            1%         N/A       100%        3
 Frozen Ramparts          Ice            2%         1d1       100%        3
 Ozocubu's Armour         Ice            1%         N/A       100%        3
 Passwall                 Erth           1%         N/A       100%        3
 Stone Arrow              Conj/Erth      2%         3d7       100%        3
 Summon Ice Beast         Ice/Summ       1%         N/A       100%        3
 Swiftness                Air            1%         N/A       100%        3
 Vampiric Draining        Necr           1%         2d6       100%        3
 Airstrike                Air            0%         2d(1-17)  100%        4
 Anguish                  Hex/Necr       0%         N/A       100%        4
 Animate Armour           Summ/Erth      2%         N/A       100%        4
 Brom's Barrelling Bould  Conj/Erth      1%         2d3       100%        4
 Cause Fear               Hex            0%         N/A       100%        4
 Dispel Undead            Necr           1%         3d6       100%        4
 Flame Wave               Conj/Fire      1%         2d4       100%        4
 Ignite Poison            Fire/Alch      1%         N/A       100%        4
 Leda's Liquefaction      Alch/Erth      0%         N/A       100%        4
 Manifold Assault         Tloc           9%         N/A       100%        4
 Martyr's Knell           Necr/Summ      1%         N/A       100%        4
 Olgreb's Toxic Radiance  Alch           1%         N/A       100%        4
 Passage of Golubria      Tloc           9%         N/A       100%        4
 Petrify                  Alch/Erth      1%         N/A       100%        4
 Sticky Flame             Fire/Alch      1%         2d4       100%        4
 Summon Lightning Spire   Summ/Air       1%         N/A       100%        4
 Vhi's Electric Charge    Tloc/Air       10%        N/A       100%        4
 Alistair's Intoxication  Alch           0%         N/A       100%        5
 Borgnjor's Vile Clutch   Necr/Erth      0%         N/A       100%        5
 Curse of Agony           Necr           1%         N/A       100%        5
 Freezing Cloud           Conj/Ice/Air   0%         6-21      100%        5
 Lee's Rapid Deconstruct  Erth           0%         3d4*      100%        5
 Metabolic Englaciation   Hex/Ice        0%         N/A       100%        5
 Silence                  Hex/Air        0%         N/A       100%        5
 Summon Mana Viper        Hex/Summ       1%         N/A       100%        5
 Eringya's Noxious Bog    Alch           0%         4d6       100%        6
 Plasma Beam              Fire/Air       0%         2x1d10    100%        6
 Sculpt Simulacrum        Ice/Alch       0%         N/A       100%        6
 Starburst                Conj/Fire      0%         6d3       100%        6
 Summon Cactus Giant      Summ           0%         N/A       100%        6
 Enfeeble                 Hex            0%         N/A       100%        7
 Malign Gateway           Summ/Tloc      2%         N/A       100%        7
 Monstrous Menagerie      Summ           0%         N/A       100%        7
 Ignition                 Fire           0%         3d3       100%        8
 Lehudib's Crystal Spear  Conj/Erth      0%         10d2      100%        8
 Summon Horrible Things   Summ           0%         N/A       100%        8


Dungeon Overview and Level Annotations

Branches:
Dungeon (15/15)            Temple (0/1) D:7            Lair (5/5) D:9
 Shoals (4/4) Lair:2       Spider (4/4) Lair:2        Slime (0/5) Lair:5
    Orc (2/2) D:10            Elf (3/3) Orc:2        Vaults (0/5) D:13
 Depths (4/4) D:15            Zot (5/5) Depths:4     Bailey (visited)

Altars:
Ashenzari
Cheibriados
Dithmenos
Elyvilon
Gozag
Hepliaklqana
Kikubaaqudgha
Makhleb
Nemelex Xobeh
Okawaru
Ru
Vehumet
Wu Jian
Yredelemnul
The Shining One
Jiyva

Shops:
Orc:2 [(=*?   Elf:1 (   Elf:2 [   Shoals:2 :   Shoals:4 (

Portals:
Hell: Depths:2 Depths:3 Depths:4
Abyss: Depths:2 Depths:3 Depths:4
Pandemonium: Depths:2 Depths:3 Depths:4

Annotations:
D:2 1 runed translucent door, Crazy Yiuf
D:7 3 runed translucent doors, Derpghoster's ghost, novice OnGl
D:12 3 runed translucent doors, MonkeyDNika's ghost, journeyman MiBe
Elf:2 5 runed translucent doors
Depths:1 29 runed translucent doors
Zot:2 exclusion: 3 upstairs
Zot:3 1 runed translucent door, exclusion: 3 upstairs
Zot:4 exclusion: 3 upstairs


Innate Abilities, Weirdness & Mutations

Your life essence is reduced to manifest your ancestor. (-10% HP)
You have a pair of large horns on your head.
You reflexively headbutt those who attack you in melee.
Your mind is acute. (Int +4, Str/Dex -1)
You are resistant to electric shocks. (rElec)


Message History

Press: ? - help, Dir - move target, f - you The floor.
This square is covered in magical glow.
There is a cloud of thin mist here.
You swap with bakla!
Select a target.
Press: ? - help, Dir - move target, f - you A staircase leading out of the dungeon.
This square is covered in magical glow.
There is a cloud of thin mist here.
You swap with bakla!
Select a target.
Press: ? - help, Dir - move target, f - you The floor.
This square is covered in magical glow.
There is a cloud of thin mist here.
You swap with bakla!
Select a target.
Press: ? - help, Dir - move target, f - you A staircase leading out of the dungeon.
This square is covered in magical glow.
There is a cloud of thin mist here.
You swap with bakla!
Select a target.
Press: ? - help, Dir - move target, f - you The floor.
This square is covered in magical glow.
There is a cloud of thin mist here.
You swap with bakla!
You can no longer swap creatures with your ancestor.
Okay, then.
Unknown command.
You swap places.
A red devil comes into view.
It is wielding a +0 demon trident of freezing.
You swap places.
You block the red devil's attack.
There is a staircase leading out of the dungeon here.
You can't go down here!
Magic restored.
You block the red devil's attack.
You have escaped!

#.##..'.........###.........'.
#.#####..####.### ###.####..##
#.# #.#.###.# #.###.#.#.
#.#####.##.#R## ##.#.##.#.
#.....#.###.## ##.###.#.
#.#####.##.#.## ##.#.##.##
#.##..#.#.###.# #.###.#.#
#.##.##..####.### ###.####..##
#.##..'....4.@R.###.........'.
#.....##.####.##.#.##.####.###
#.....###.###.###.###.###.## #
#.##.## ##.##.##.#.##.##.##
#.##.######.#.#.###.#.#.######
#.##....####...#####...###....
#.#####..# ##.........## ####.
#.......## #'#######+#######.
######### #.....# #..#.#....


You could see the friendly bakla the battlemage (idealised) and a red devil
(ally target).

Vanquished Creatures
  4 ancient liches
  4 orbs of fire (Zot:5)
  A juggernaut (Depths:2)
  5 Killer Klowns
  A golden dragon (Depths:3)
  Nikola (Depths:1)
  An electric golem (Zot:5)
  12 Orb Guardians (Zot:5)
  2 tentacled monstrosities (Zot:5)
  A quicksilver dragon (Depths:3)
  5 liches
  Mlioglotl (Lair:2)
  2 sphinxes
  3 titans (Zot:2)
  2 deep elf blademasters (Elf:3)
  3 tentacled starspawn
  A deep elf master archer (Elf:3)
  Gastronok (D:8)
  Kirke (D:14)
  A shadow dragon (Depths:3)
  5 storm dragons
  4 fire giants
  7 emperor scorpions
  5 frost giants
  An iron dragon (Depths:2)
  2 protean progenitors
  3 deep elf sorcerers (Elf:3)
  Louise (D:15)
  A draconian monk (Zot:5)
  A draconian shifter (Depths:4)
  3 draconian scorchers
  A balrug (Depths:3)
  4 deep elf elementalists
  2 cacodemons
  2 orc warlords
  22 very ugly things
  A draconian stormcaller (Zot:3)
  A reaper (Depths:4)
  7 stone giants
  3 ghost moths
  A demonspawn corrupter (D:2)
  2 draconian annihilators
  A broodmother (Spider:4)
  5 deep elf demonologists
  3 black draconians
  2 green draconians
  3 deep elf death magi (Elf:3)
  A red draconian (Zot:2)
  6 deep elf annihilators (Elf:3)
  2 white draconians (Zot:5)
  3 spark wasps
  A yellow draconian (Zot:1)
  Azrael (D:12)
  5 crystal guardians (Depths:2)
  6 merfolk javelineers
  4 merfolk impalers
  4 fire dragons
  4 entropy weavers
  9 deep elf high priests
  3 ice dragons
  3 spriggan air magi
  A rakshasa (Depths:1)
  A hydra (Lair:5)
  A radroach (Spider:3)
  Erica (Lair:1)
  An alligator (Zot:5)
  6 boulder beetles
  2 ogre magi
  A merfolk avatar (Shoals:4)
  2 alligator snapping turtles (Shoals:4)
  2 jorogumos (Spider:1)
  2 merfolk aquamancers
  11 dancing weapons
  2 catoblepae
  9 centaur warriors
  3 two-headed ogres
  A sphinx skeleton (D:15)
  3 deep troll earth magi
  3 deep troll shamans (Depths:2)
  4 thrashing horrors (Abyss:3)
  7 tengu warriors (Depths:3)
  6 hell hogs
  An occultist (Abyss:1)
  10 spriggan berserkers
  A soul eater (Depths:4)
  Urug (Lair:2)
  9 demonic crawlers
  12 hell knights
  A shock serpent (shapeshifter) (Depths:3)
  A death yak (Shoals:4)
  An orc high priest (Orc:2)
  4 spriggans
  12 deep elf knights
  6 skysharks
  2 sun demons (Depths:3)
  17 deep trolls
  A spark wasp zombie (D:15)
  2 sixfirhies
  Lodul (D:14)
  4 pharaoh ants
  2 wretched stars
  6 iron trolls
  A quicksilver dragon simulacrum (Depths:3)
  2 mana vipers
  6 sea snakes
  A sun moth (Spider:3)
  A salamander mystic (Depths:4)
  8 skeletal warriors
  14 orb spiders
  7 glowing orange brains
  A shadow wraith (Depths:3)
  A swamp dragon (Lair:5)
  A shadow demon (D:2)
  2 necromancers
  6 harpies (Shoals:4)
  A spriggan simulacrum (Abyss:4)
  15 deep elf archers
  16 wolf spiders
  3 steelbarb worms
  9 orc knights
  13 deep elf pyromancers
  7 large abominations
  11 manticores
  An oklob plant (Orc:1)
  11 ugly things
  2 fauns
  A shining eye (Abyss:4)
  A worldbinder (Abyss:1)
  15 deep elf zephyrmancers
  10 moths of wrath
  Maurice (D:9)
  3 orc sorcerers
  5 cyclopes
  5 salamanders (Depths:4)
  8 merfolk sirens
  3 meliai
  3 black mambas
  A kobold blastminer (Orc:2)
  4 water nymphs
  2 eyes of devastation (Zot:5)
  An ice statue (Depths:3)
  2 smoke demons (Abyss:1)
  3 orange demons
  An unseen horror (shapeshifter) (Depths:2)
  Jeremiah (D:6)
  6 torpor snails
  5 cane toads
  An efreet (Abyss:1)
  11 komodo dragons
  2 rime drakes (Lair:5)
  3 freezing wraiths
  3 tengu conjurers
  2 unseen horrors
  3 ice devils
  3 ancient zymes
  A red devil (D:7)
  A troll (shapeshifter) (Elf:1)
  7 trolls
  4 hornets
  9 polar bears
  14 merfolk
  7 blink frogs
  4 wind drakes
  2 dream sheep
  3 glass eyes
  19 tarantellas
  7 raiju
  5 snapping turtles
  22 slime creatures
  Sigmund (D:4)
  18 jumping spiders
  3 vampires (D:12)
  A shadow (D:13)
  An air elemental (Elf:1)
  A ynoxinul (Zot:5)
  29 culicivoras
  3 wyverns
  2 fire bats (Abyss:1)
  6 fire elementals
  5 water elementals
  6 wraiths
  A wyvern (shapeshifter) (D:13)
  11 starcursed masses
  25 yaks
  5 basilisks
  3 hogs (D:14)
  A golden eye (Abyss:4)
  9 wargs
  33 redbacks
  A chaos spawn (Abyss:1)
  4 neqoxecs
  35 small abominations
  10 water moccasins
  5 acid dragons
  13 hell hounds
  An ice beast (D:6)
  10 black bears
  21 orc warriors
  2 swamp drakes (Lair:5)
  2 ettin simulacra (Depths:3)
  A sky beast (D:6)
  17 laughing skulls
  14 ogres
  4 boggarts (D:14)
  11 wolves (Lair:5)
  19 centaurs
  A phantom (D:5)
  6 kobold brigands
  6 weeping skulls
  4 bullfrogs
  A brain worm (Abyss:1)
  8 scorpions
  7 wights
  8 killer bees (D:9)
  A howler monkey (D:11)
  A bombardier beetle (D:5)
  2 electric eels (Lair:2)
  2 hounds
  A quasit (Abyss:4)
  16 orc priests
  An iron imp (Abyss:3)
  A sleepcap (D:7)
  4 iguanas (Lair:5)
  15 orc wizards
  A boggart simulacrum (D:14)
  Robin (D:4)
  7 adders
  11 gnolls
  A shadow imp (D:5)
  A white imp (Abyss:1)
  2 ufetubi (Abyss:3)
  A dart slug (D:1)
  A ribbon worm (D:3)
  70 orcs
  8 bats
  10 endoplasms
  2 giant cockroaches
  19 goblins
  7 hobgoblins
  5 quokkas
  2 training dummies (Elf:1)
  5 ball pythons
  4 frilled lizards
  39 kobolds
  9 rats
  An aspiring flesh (Zot:2)
  A spectral weapon (Zot:5)
  4 starspawn tentacles
1345 creatures vanquished.

Vanquished Creatures (collateral kills)
  An ancient lich (Zot:3)
  Boris (Depths:3)
  4 Killer Klowns (Zot:5)
  2 profane servitors
  A golden dragon (Depths:2)
  Arachne (Spider:2)
  3 tentacled monstrosities
  A walking earthen tome (Depths:2)
  11 Orb Guardians
  A deep elf blademaster (Elf:3)
  A deep elf master archer (Elf:3)
  2 liches
  2 titans
  A sphinx (Depths:3)
  2 death cobs
  5 tentacled starspawn
  Polyphemus (Shoals:4)
  A tengu reaver (Depths:4)
  3 storm dragons
  3 shadow dragons
  A fire giant (Depths:1)
  Ilsuiw (Shoals:3)
  A protean progenitor (Zot:5)
  3 deep elf sorcerers
  An iron dragon (Depths:3)
  A frost giant (Depths:2)
  A draconian knight (Zot:2)
  2 draconian shifters
  2 emperor scorpions (Spider:3)
  A spectral juggernaut (Depths:2)
  A deep elf elementalist (Elf:3)
  5 ghost moths
  An orc warlord (Bailey)
  A reaper (Zot:5)
  4 draconian annihilators
  3 stone giants
  A cacodemon (Abyss:4)
  2 very ugly things (Depths:3)
  A broodmother (Spider:2)
  2 green draconians
  A deep elf demonologist (Elf:2)
  4 white draconians
  4 black draconians
  A deep elf annihilator (Elf:3)
  A spark wasp (Spider:4)
  An eidolon (Abyss:3)
  Josephine (D:12)
  4 merfolk javelineers
  5 merfolk impalers
  A blizzard demon (Depths:3)
  A crystal guardian (Abyss:3)
  2 deep elf high priests (Depths:3)
  3 entropy weavers (Spider:3)
  A rakshasa (D:8)
  5 ice dragons
  A jorogumo (Spider:2)
  A radroach (shapeshifter) (Depths:4)
  A hydra (Lair:5)
  A merfolk avatar (Shoals:2)
  A merfolk aquamancer (Shoals:4)
  A radroach (Spider:4)
  A two-headed ogre (D:9)
  A spriggan skeleton (Abyss:3)
  An alligator (Zot:5)
  An alligator snapping turtle (Shoals:4)
  5 dancing weapons
  2 boulder beetles
  A satyr (Shoals:3)
  2 deep troll shamans
  A death yak (Shoals:4)
  5 tengu warriors
  4 demonic crawlers
  2 deep troll earth magi (Depths:2)
  6 spriggan berserkers
  An orc high priest (Elf:3)
  A hell hog (Depths:3)
  4 vampire magi
  3 thrashing horrors
  9 hell knights
  4 deep elf knights
  2 sun demons
  A storm dragon zombie (D:15)
  3 shadow wraiths
  2 soul eaters
  7 iron trolls
  A pharaoh ant (Spider:2)
  A skeletal warrior (Depths:3)
  A spatial maelstrom (Abyss:4)
  A salamander mystic (Depths:4)
  An arcanist (D:12)
  3 sea snakes
  A quicksilver dragon simulacrum (Depths:3)
  2 glowing orange brains
  3 deep trolls
  2 steelbarb worms
  An orb spider (Spider:4)
  9 starcursed masses
  7 deep elf archers
  4 deep elf pyromancers
  5 harpies
  7 deep elf zephyrmancers
  A shining eye (Abyss:4)
  An ugly thing (D:12)
  8 manticores
  A worldbinder (Abyss:1)
  2 fauns (Shoals:3)
  2 wolf spiders (Spider:4)
  4 cyclopes
  A salamander (Depths:4)
  8 moths of wrath
  A meliai (D:13)
  An apocalypse crab (Abyss:1)
  A guardian serpent (Abyss:1)
  A guardian serpent (shapeshifter) (Depths:3)
  A rust devil (Zot:3)
  6 water nymphs
  3 merfolk sirens
  An eye of devastation (Zot:5)
  2 torpor snails (Spider:4)
  5 large abominations
  4 kobold blastminers (Orc:2)
  2 unseen horrors
  A kobold demonologist (D:13)
  An orange demon (D:1)
  A rime drake (Lair:5)
  A freezing wraith (Abyss:4)
  2 ancient zymes
  2 trolls
  3 polar bears (Lair:5)
  15 merfolk
  A hellwing (Abyss:1)
  6 tarantellas
  4 hornets
  2 wind drakes
  6 snapping turtles
  4 dream sheep
  3 blink frogs
  5 raiju
  2 slime creatures
  An air elemental (Elf:2)
  3 culicivoras
  2 water elementals (Lair:2)
  9 jumping spiders
  A vampire (D:13)
  3 spriggans
  A wraith (D:13)
  2 ynoxinuls
  2 yaks (D:8)
  A basilisk (Lair:2)
  2 neqoxecs
  A golden eye (Abyss:4)
  17 redbacks
  A fire elemental (D:12)
  A warg (Orc:2)
  7 small abominations
  An acid dragon (D:11)
  2 hell hounds
  5 orc warriors
  3 water moccasins
  An ice beast (D:7)
  A swamp drake (Lair:5)
  An ettin simulacrum (Depths:3)
  3 laughing skulls
  5 black bears
  5 ogres
  2 wolves (Lair:5)
  5 centaurs
  3 weeping skulls
  3 bullfrogs
  4 kobold brigands
  An earth elemental (Elf:1)
  2 scorpions
  7 wights
  A killer bee (D:9)
  2 electric eels
  2 quasits
  2 hounds
  6 orc priests
  A sleepcap (D:4)
  A gnoll bouda (D:8)
  An iguana (D:6)
  8 orc wizards
  3 adders
  A gnoll (D:8)
  A ribbon worm (D:5)
  27 orcs
  2 bats (D:4)
  3 goblins
  A hobgoblin (Bailey)
  10 kobolds
  A training dummy (Elf:1)
  A lurking horror (Abyss:3)
  3 starspawn tentacles (Abyss:1)
541 creatures vanquished.

Vanquished Creatures (others)
  An Executioner (Abyss:4)
  2 spriggan berserkers (Depths:1)
  An iron troll (Depths:1)
  A deep elf pyromancer (Elf:2)
  A slime creature (Abyss:4)
  A culicivora (Spider:2)
  A spriggan (Depths:1)
  An ettin simulacrum (Depths:3)
  42 battlemagi
  2 kobolds (D:7)
  8 starspawn tentacles
61 creatures vanquished.

Grand Total: 1947 creatures vanquished

Notes
Turn   | Place    | Note
-------+----------+-------------------------------------------
     0 | D:1      | bakla the Minotaur Warper began the quest for the Orb.
     0 | D:1      | Reached XP level 1. HP: 18/18 MP: 1/1
    67 | D:1      | You fall into a shaft and drop 1 floor!
   159 | D:1      | Reached XP level 2. HP: 25/25 MP: 3/3
   725 | D:2      | Reached XP level 3. HP: 27/31 MP: 4/4
  1194 | D:2      | Found a runed translucent door.
  1195 | D:2      | Noticed Crazy Yiuf
  1308 | D:2      | Reached XP level 4. HP: 38/38 MP: 5/5
  1653 | D:3      | Reached XP level 5. HP: 21/46 MP: 6/6
  1884 | D:3      | Found a faded altar of an unknown god.
  1895 | D:3      | Prayed at the altar of an unknown god.
  1895 | D:3      | Became a worshipper of Hepliaklqana the Forgotten
  1895 | D:3      | Reached * piety under Hepliaklqana
  2636 | D:4      | Noticed Sigmund
  2646 | D:4      | Killed Sigmund
  2647 | D:4      | Reached XP level 6. HP: 47/47 MP: 7/7
  2681 | D:4      | Reached ** piety under Hepliaklqana
  2682 | D:4      | Remembered your ancestor bakla as a battlemage
  2716 | D:4      | Found a burning altar of Makhleb.
  2719 | D:4      | Noticed Robin
  2729 | D:4      | Killed Robin
  2762 | D:4      | Noticed an Executioner
  2990 | D:4      | Reached skill level 5 in Fighting
  2990 | D:4      | Reached XP level 7. HP: 43/54 MP: 8/8
  3039 | D:4      | Reached skill level 5 in Axes
  3156 | D:4      | Reached skill level 5 in Armour
  3156 | D:4      | Reached skill level 5 in Dodging
  3176 | D:4      | Found the +11 Singing Sword {sonic wave}
  3394 | D:5      | Entered Level 5 of the Dungeon
  3612 | D:5      | Noticed a wyvern
  3616 | D:5      | Killed a wyvern
  3617 | D:5      | Reached XP level 8. HP: 43/63 MP: 9/9
  3719 | D:5      | Found a sparkling altar of Nemelex Xobeh.
  4255 | D:6      | Found a snail-covered altar of Cheibriados.
  4381 | D:6      | Reached *** piety under Hepliaklqana
  4455 | D:6      | Reached skill level 1 in Invocations
  4511 | D:6      | Noticed Jeremiah
  4523 | D:6      | Killed Jeremiah
  4524 | D:6      | Reached XP level 9. HP: 46/71 MP: 10/10
  4631 | D:6      | Found a shadowy altar of Dithmenos.
  4655 | D:6      | Found a broken altar of Ashenzari.
  4837 | D:6      | Reached skill level 2 in Invocations
  5164 | D:7      | Noticed Derpghoster's ghost (novice OnGl)
  5244 | D:7      | Found a runed translucent gate.
  5244 | D:7      | Found a runed translucent gate.
  5244 | D:7      | Found a runed translucent gate.
  5341 | D:7      | Found an opulent altar of Gozag.
  5441 | D:7      | Found a staircase to the Ecumenical Temple.
  5565 | D:7      | Found a basalt altar of Yredelemnul.
  5569 | D:7      | Noticed a profane servitor
  5612 | D:7      | Found a glowing golden altar of the Shining One.
  5614 | D:7      | Noticed an angel
  5624 | D:7      | Reached skill level 3 in Invocations
  5784 | D:7      | Reached **** piety under Hepliaklqana
  6224 | D:8      | Identified the ring "Muoryow" {Fly Int+5}
  6243 | D:8      | Reached XP level 10. HP: 75/81 MP: 11/11
  6251 | D:8      | Reached skill level 4 in Invocations
  6253 | D:8      | HP: 3/81 [yak (8)]
  6523 | D:8      | Noticed Gastronok
  6536 | D:8      | Killed Gastronok
  6738 | D:8      | Found an ornate altar of the Wu Jian Council.
  7058 | D:9      | Noticed a two-headed ogre
  7062 | D:9      | Killed a two-headed ogre
  7063 | D:9      | Reached skill level 5 in Invocations
  7164 | D:9      | Found an ancient bone altar of Kikubaaqudgha.
  7186 | D:9      | Found a staircase to the Lair.
  7215 | D:9      | Noticed Maurice
  7223 | D:9      | Something stole the ring "Muoryow" {Fly Int+5}
  7224 | D:9      | Something stole 41 poisoned darts
  7225 | D:9      | Killed Maurice
  7405 | D:9      | Reached XP level 11. HP: 59/89 MP: 14/14
  7705 | D:9      | Found an iron altar of Okawaru.
  7915 | D:10     | Entered Level 10 of the Dungeon
  7916 | D:10     | Found a radiant altar of Vehumet.
  7931 | D:10     | Reached skill level 1 in Long Blades
  7938 | D:10     | Found a staircase to the Orcish Mines.
  8019 | D:10     | Found a flagged portal.
  8034 | Bailey   | Entered a bailey
  8040 | Bailey   | Reached ***** piety under Hepliaklqana
  8040 | Bailey   | Noticed an orc warlord
  8062 | Bailey   | Noticed an orc knight
  8073 | Bailey   | Killed an orc knight
  8074 | Bailey   | Reached skill level 5 in Long Blades
  8125 | Bailey   | Found a runed translucent gate.
  8125 | Bailey   | Found a runed translucent gate.
  8150 | Bailey   | Found a runed translucent gate.
  8187 | Bailey   | Noticed an orc knight
  8198 | Bailey   | Killed an orc knight
  8283 | Bailey   | Killed an orc warlord
  8368 | Bailey   | Reached XP level 12. HP: 95/95 MP: 15/15
  9293 | D:11     | Noticed a boulder beetle
  9314 | D:11     | Killed a boulder beetle
  9621 | D:11     | Noticed a two-headed ogre
  9627 | D:11     | Killed a two-headed ogre
 10442 | D:12     | Reached skill level 1 in Shields
 10511 | D:12     | Noticed Josephine
 10522 | D:12     | Killed Josephine
 10579 | D:12     | Noticed a minotaur
 10580 | D:12     | Noticed MonkeyDNika's ghost (journeyman MiBe)
 10598 | D:12     | Reached skill level 15 in Long Blades
 10610 | D:12     | Noticed a boulder beetle
 10622 | D:12     | Killed a boulder beetle
 10623 | D:12     | Reached XP level 13. HP: 58/101 MP: 16/16
 11040 | D:12     | Reached skill level 5 in Shields
 11332 | D:12     | Noticed Azrael
 11341 | D:12     | Killed Azrael
 11342 | D:12     | Reached skill level 10 in Fighting
 11537 | D:12     | Reached skill level 10 in Armour
 11541 | D:12     | Identified the +3 chain mail "Lebouqe" {Fly Str+4}
 11923 | D:12     | Found a runed translucent gate.
 11923 | D:12     | Found a runed translucent gate.
 11923 | D:12     | Found a runed translucent gate.
 12341 | Lair:1   | Entered Level 1 of the Lair of Beasts
 12341 | Lair:1   | Noticed Erica
 12353 | Lair:1   | Killed Erica
 12991 | Lair:1   | Identified the ring of Taw Umacekis {Fly rPois rN+ Will+
                  | Stlth+}
 13006 | Lair:1   | Reached skill level 10 in Dodging
 13382 | Lair:2   | Found a hole to the Spider Nest.
 13517 | Lair:2   | Reached ****** piety under Hepliaklqana
 13519 | Lair:2   | Noticed Urug
 13526 | Lair:2   | Killed Urug
 15278 | Lair:4   | Identified the +3 rapier "Fausuxy" {holy, Dex+3}
 15815 | Lair:5   | Entered Level 5 of the Lair of Beasts
 16073 | Lair:5   | Reached XP level 14. HP: 97/112 MP: 17/17
 16426 | Lair:5   | Found a viscous altar of Jiyva.
 16427 | Lair:5   | Found a staircase to the Slime Pits.
 16619 | Lair:5   | HP: 4/114 [warg (5)]
 19050 | D:13     | Found a gate to the Vaults.
 19156 | D:13     | Reached skill level 10 in Shields
 19156 | D:13     | Reached XP level 15. HP: 123/123 MP: 18/18
 19414 | D:14     | Noticed Lodul
 19415 | D:14     | Noticed Kirke
 19421 | D:14     | Killed Kirke
 19421 | D:14     | Killed Lodul
 19425 | D:14     | Reached XP level 16. HP: 126/131 MP: 19/19
 19487 | D:14     | Identified the +1 ring mail of Eternal Night {Will++ Int+8}
 20026 | D:15     | Entered Level 15 of the Dungeon
 20392 | D:15     | Noticed Louise
 20394 | D:15     | Found a staircase to the Depths.
 20653 | D:15     | Killed Louise
 21132 | Orc:1    | Entered Level 1 of the Orcish Mines
 21715 | Orc:2    | Entered Level 2 of the Orcish Mines
 21831 | Orc:2    | Found a staircase to the Elven Halls.
 22150 | Orc:2    | Found Myxezuv's Antique Weapon Shoppe.
 22152 | Orc:2    | Found Irghiap's Antique Armour Emporium.
 22159 | Orc:2    | Bought a steaming plate armour for 756 gold pieces
 22159 | Orc:2    | Identified the +6 plate armour of Qes Efom {rC+} (You
                  | bought it in a shop on level 2 of the Orcish Mines)
 22217 | Orc:2    | Reached skill level 15 in Fighting
 22259 | Orc:2    | Found Deech's Magic Scroll Shop.
 22288 | Orc:2    | Bought a scroll of fear for 56 gold pieces
 22288 | Orc:2    | Bought 2 scrolls of enchant armour for 210 gold pieces
 22288 | Orc:2    | Bought a scroll of teleportation for 42 gold pieces
 22402 | Orc:2    | Found Woucriuz's Jewellery Emporium.
 22562 | Orc:2    | Found Yduttuz's Assorted Antiques.
 22567 | Orc:2    | Bought a polished scale mail for 207 gold pieces
 22567 | Orc:2    | Identified the +0 scale mail of Cocytus {Harm Int+3 Dex+3}
                  | (You bought it in a shop on level 2 of the Orcish Mines)
 22748 | Shoals:1 | Entered Level 1 of the Shoals
 22748 | Shoals:1 | Noticed Mlioglotl
 23007 | Spider:1 | Entered Level 1 of the Spider Nest
 23017 | Spider:1 | Paralysed by a jorogumo for 1 turns
 23036 | Spider:1 | Reached skill level 15 in Armour
 24773 | Spider:2 | Reached XP level 17. HP: 141/142 MP: 0/20
 25832 | Spider:2 | Noticed Arachne
 25847 | Spider:2 | Killed Arachne
 26062 | Spider:2 | Reached skill level 15 in Dodging
 27842 | Spider:4 | Entered Level 4 of the Spider Nest
 28380 | Spider:4 | Identified a scroll of acquirement
 28380 | Spider:4 | Acquired the +9 double sword of the Riding Priest
                  | {antimagic, rElec Str+2 Stlth+}
 28525 | Spider:4 | Reached skill level 15 in Shields
 28525 | Spider:4 | Reached XP level 18. HP: 137/153 MP: 21/21
 28734 | Spider:4 | Reached skill level 1 in Evocations
 28834 | Spider:4 | Got a gossamer rune of Zot
 28836 | Spider:4 | Identified the +1 pair of boots "Heggojuo" {Int+5 SInv}
 29283 | Lair:2   | Killed Mlioglotl
 31096 | Shoals:2 | Found Iggy's Self-Improvement Boutique.
 31122 | Shoals:2 | Bought a manual of Shields for 1520 gold pieces
 31920 | Shoals:3 | Identified the +6 flail of Gravity {flame, rC+ Int+2 Dex-5}
 32082 | Shoals:3 | Identified the +0 ring mail of Focus {Harm +Blink Will++
                  | SInv}
 32173 | Shoals:3 | Noticed Ilsuiw
 32188 | Shoals:3 | Killed Ilsuiw
 32554 | Shoals:4 | Entered Level 4 of the Shoals
 32730 | Shoals:4 | Found Ihuobita's Antique Weapon Emporium.
 32856 | Shoals:4 | Got a barnacled rune of Zot
 33172 | Shoals:4 | Noticed Polyphemus
 33249 | Shoals:4 | Reached skill level 5 in Evocations
 33626 | Shoals:4 | Reached XP level 19. HP: 162/162 MP: 22/22
 33850 | Shoals:4 | Killed Polyphemus
 34607 | Elf:1    | Entered Level 1 of the Elven Halls
 34791 | Elf:1    | Paralysed by an air elemental for 1 turns
 35015 | Elf:1    | Found Ilymecs's Firing Range.
 35622 | Elf:2    | Found Rynung's Antique Armour Boutique.
 35651 | Elf:2    | Found a huge runed translucent gate.
 35651 | Elf:2    | Found a huge runed translucent gate.
 35825 | Elf:2    | Paralysed by an air elemental for 1 turns
 36164 | Elf:2    | Found a huge runed translucent gate.
 36284 | Elf:2    | Bought a faintly glowing cloak for 247 gold pieces
 36284 | Elf:2    | Identified the +1 cloak of Apathy {Rampage rPois Int-3
                  | Dex+5} (You bought it in a shop on level 2 of the Elven
                  | Halls)
 36489 | Elf:2    | Found a huge runed translucent gate.
 36490 | Elf:2    | Found a huge runed translucent gate.
 36578 | Elf:3    | Entered Level 3 of the Elven Halls
 37226 | Elf:3    | Identified the +3 ring mail "Siptelag" {rF+ rN+ Will+
                  | Dex-5}
 37226 | Elf:3    | Identified the ring of the Unkillable {rF+ rN+ MP+9 Str+4}
 37246 | Elf:3    | Identified the +11 quick blade of the Vaults {freeze, rF+}
 37258 | Elf:3    | Identified the ring "Ceacur" {rF- rN+ Will+ Str+3 Dex+6}
 37271 | Elf:3    | Noticed a Tzitzimitl
 37783 | Elf:3    | Reached XP level 20. HP: 140/173 MP: 23/23
 37915 | Elf:3    | Found the ring of the Octopus King {HP+2 AC+2 EV+2 SH+2
                  | SInv}
 37973 | Elf:3    | Got the Reference Book on Attacks
 37983 | Elf:3    | Identified the +3 longbow "Beis" {antimagic, Will+}
 38314 | Depths:1 | Entered Level 1 of the Depths
 38399 | Depths:1 | Found a flickering gateway to a bazaar.
 38405 | Bazaar   | Entered a bazaar
 38405 | Bazaar   | Found Lomujaez's Antique Weapon Boutique.
 38405 | Bazaar   | Found Feofif's General Store.
 38405 | Bazaar   | Found Amaishrid's Assorted Antiques.
 38405 | Bazaar   | Found Tesohoaq's Book Shoppe.
 38407 | Bazaar   | Found Vaokeu's Magic Scroll Shop.
 38407 | Bazaar   | Found Nudaddim's Assorted Antiques.
 38434 | Bazaar   | Bought a potion of curing for 90 gold pieces
 38434 | Bazaar   | Bought a potion of heal wounds for 150 gold pieces
 38449 | Bazaar   | Bought a scroll of blinking for 97 gold pieces
 38449 | Bazaar   | Bought a scroll of summoning for 123 gold pieces
 38449 | Bazaar   | Bought a scroll of summoning for 123 gold pieces
 38488 | Depths:1 | Found a huge runed translucent gate.
 38488 | Depths:1 | Found a huge runed translucent gate.
 38488 | Depths:1 | Found a huge runed translucent gate.
 38488 | Depths:1 | Found a huge runed translucent gate.
 38488 | Depths:1 | Found a huge runed translucent gate.
 38488 | Depths:1 | Found a huge runed translucent gate.
 38489 | Depths:1 | Found a huge runed translucent gate.
 38489 | Depths:1 | Found a huge runed translucent gate.
 38489 | Depths:1 | Found a huge runed translucent gate.
 38489 | Depths:1 | Found a huge runed translucent gate.
 38490 | Depths:1 | Found a huge runed translucent gate.
 38490 | Depths:1 | Found a huge runed translucent gate.
 38494 | Depths:1 | Found a huge runed translucent gate.
 38494 | Depths:1 | Found a huge runed translucent gate.
 38497 | Depths:1 | Found a huge runed translucent gate.
 38497 | Depths:1 | Found a huge runed translucent gate.
 38498 | Depths:1 | Noticed Nikola
 38505 | Depths:1 | Found a huge runed translucent gate.
 38511 | Depths:1 | Killed Nikola
 38515 | Depths:1 | Found a huge runed translucent gate.
 38516 | Depths:1 | Noticed a caustic shrike
 38517 | Depths:1 | Found a huge runed translucent gate.
 38517 | Depths:1 | Found a huge runed translucent gate.
 38517 | Depths:1 | Found a huge runed translucent gate.
 38519 | Depths:1 | Found a huge runed translucent gate.
 38609 | Depths:2 | Found a gateway to Hell.
 38809 | Depths:2 | Found a one-way gate leading to the halls of Pandemonium.
 38929 | Depths:2 | Noticed a golden dragon
 38942 | Depths:2 | Killed a golden dragon
 38943 | Depths:2 | Reached skill level 6 in Invocations
 39082 | Depths:2 | Found a one-way gate to the infinite horrors of the Abyss.
 39090 | Depths:2 | Reached skill level 7 in Invocations
 39108 | Depths:2 | Identified the +1 morningstar of Foolhardiness {flame,
                  | rElec rN++ Str+2 Stlth-}
 39122 | Depths:2 | Reached skill level 8 in Invocations
 39152 | Depths:2 | Noticed a juggernaut
 39165 | Depths:2 | Killed a juggernaut
 39344 | Depths:2 | Identified the +2 whip of Zeimiydu {protect, rF+ Will+
                  | Int+3}
 39451 | Depths:2 | Reached skill level 9 in Invocations
 39599 | Depths:2 | Found a basalt altar of Yredelemnul.
 39856 | Depths:2 | Noticed an ancient lich
 39865 | Depths:2 | Killed an ancient lich
 39866 | Depths:2 | Reached skill level 10 in Invocations
 40130 | Depths:2 | Voluntarily entered the Abyss.
 40193 | Abyss:1  | Reached XP level 21. HP: 170/180 MP: 27/27
 40226 | Abyss:1  | Gained mutation: You occasionally shout uncontrollably at
                  | your foes. [a neqoxec]
 40268 | Depths:2 | Escaped the Abyss
 40270 | Depths:2 | Voluntarily entered the Abyss.
 40380 | Abyss:1  | Noticed a profane servitor
 40390 | Abyss:1  | Killed a profane servitor
 40391 | Abyss:1  | Reached skill level 11 in Invocations
 40702 | Abyss:1  | Reached skill level 12 in Invocations
 40863 | Abyss:3  | Noticed a profane servitor
 40874 | Abyss:3  | Killed a profane servitor
 40907 | Abyss:3  | Found an ancient bone altar of Kikubaaqudgha.
 40907 | Abyss:3  | Found a burning altar of Makhleb.
 40907 | Abyss:3  | Found a basalt altar of Yredelemnul.
 40907 | Abyss:3  | Found an iron altar of Okawaru.
 40907 | Abyss:3  | Found a hide-covered altar of Uskayaw.
 40907 | Abyss:3  | Found a blossoming altar of Fedhas.
 40908 | Abyss:3  | Found an ornate altar of the Wu Jian Council.
 40908 | Abyss:3  | Found a shadowy altar of Dithmenos.
 40908 | Abyss:3  | Found an opulent altar of Gozag.
 40908 | Abyss:3  | Found a glowing golden altar of the Shining One.
 40909 | Abyss:3  | Found a snail-covered altar of Cheibriados.
 40909 | Abyss:3  | Found a sacrificial altar of Ru.
 40911 | Abyss:3  | Found a sparkling altar of Nemelex Xobeh.
 40911 | Abyss:3  | Found a hazy altar of Hepliaklqana.
 40911 | Abyss:3  | Found a bloodstained altar of Trog.
 40913 | Abyss:3  | Found a radiant altar of Vehumet.
 40913 | Abyss:3  | Found a broken altar of Ashenzari.
 40913 | Abyss:3  | Found a shimmering altar of Xom.
 40913 | Abyss:3  | Found a stormy altar of Qazlal.
 40915 | Abyss:3  | Found a glowing silver altar of Zin.
 40915 | Abyss:3  | Found a white marble altar of Elyvilon.
 40915 | Abyss:3  | Found a shimmering blue altar of Sif Muna.
 40980 | Abyss:3  | Found a shadowy altar of Dithmenos.
 40984 | Abyss:3  | Found an ancient bone altar of Kikubaaqudgha.
 41053 | Abyss:3  | Gained mutation: You have hidden genetic defects. [a
                  | neqoxec]
 41097 | Abyss:3  | Reached skill level 13 in Invocations
 41142 | Depths:2 | Escaped the Abyss
 41144 | Depths:2 | Voluntarily entered the Abyss.
 41144 | Abyss:3  | Found a corrupted altar of Lugonu.
 41181 | Abyss:3  | Found a corrupted altar of Lugonu.
 41257 | Abyss:4  | Found a corrupted altar of Lugonu.
 41350 | Abyss:4  | Reached skill level 14 in Invocations
 41384 | Abyss:4  | Got an abyssal rune of Zot
 41394 | Depths:2 | Escaped the Abyss
 41396 | Depths:2 | Gained mutation: You occasionally lose the ability to drink
                  | potions when taking damage. [hidden defects]
 41808 | Depths:3 | Noticed Boris
 41817 | Depths:3 | Killed Boris
 41827 | Depths:3 | Paralysed by a sphinx for 5 turns
 41887 | Depths:3 | Reached skill level 15 in Invocations
 42012 | Depths:3 | Found a white marble altar of Elyvilon.
 42082 | Depths:3 | Noticed a golden dragon
 42085 | Depths:3 | Reached skill level 16 in Invocations
 42088 | Depths:3 | Gained mutation: You sometimes lose the ability to drink
                  | potions when taking damage. [hidden defects]
 42088 | Depths:3 | Lost mutation: You have hidden genetic defects. [hidden
                  | defects expressed]
 42093 | Depths:3 | Killed a golden dragon
 42126 | Depths:3 | Reached XP level 22. HP: 95/188 MP: 33/33
 42419 | Depths:2 | Lost mutation: You occasionally shout uncontrollably at
                  | your foes. [potion of mutation]
 42419 | Depths:2 | Lost mutation: You sometimes lose the ability to drink
                  | potions when taking damage. [potion of mutation]
 42419 | Depths:2 | Lost mutation: You occasionally lose the ability to drink
                  | potions when taking damage. [potion of mutation]
 42419 | Depths:2 | Gained mutation: You have hidden genetic defects. [potion
                  | of mutation]
 42447 | Depths:3 | Reached skill level 17 in Invocations
 42557 | Depths:3 | Found a sparkling altar of Nemelex Xobeh.
 42853 | Depths:3 | Reached skill level 18 in Invocations
 42856 | Depths:3 | Gained mutation: You are weak. (Str -2) [hidden defects]
 43068 | Depths:3 | Found an ancient bone altar of Kikubaaqudgha.
 43178 | Depths:3 | Found a sacrificial altar of Ru.
 43457 | Depths:4 | Entered Level 4 of the Depths
 43467 | Depths:4 | Lost mutation: You are weak. (Str -2) [potion of mutation]
 43467 | Depths:4 | Lost mutation: You have hidden genetic defects. [potion of
                  | mutation]
 43467 | Depths:4 | Gained mutation: Your magical capacity is low. (-10% MP)
                  | [potion of mutation]
 43467 | Depths:4 | Gained mutation: Your mind is acute. (Int +4, Str/Dex -1)
                  | [potion of mutation]
 43658 | Depths:4 | Reached skill level 19 in Invocations
 43739 | Depths:4 | Identified the +8 quarterstaff "Gocut" {heavy, Will++ Str-4
                  | Int+9 Dex-5}
 43991 | Depths:4 | Found a gate to the Realm of Zot.
 44351 | Zot:1    | Entered Level 1 of the Realm of Zot
 44588 | Zot:2    | Noticed a Killer Klown
 44597 | Zot:2    | Killed a Killer Klown
 44644 | Zot:3    | Found a large runed translucent door.
 44674 | Zot:3    | Reached skill level 20 in Invocations
 44678 | Zot:3    | Noticed an ancient lich
 44691 | Zot:3    | Killed an ancient lich
 44785 | Zot:3    | Noticed an ancient lich
 44794 | Zot:3    | Killed an ancient lich
 45438 | Zot:2    | Reached XP level 23. HP: 147/193 MP: 13/32
 45609 | Zot:2    | Reached skill level 21 in Invocations
 45762 | Zot:5    | Entered Level 5 of the Realm of Zot
 46452 | Zot:5    | Noticed an ancient lich
 46460 | Zot:5    | Noticed an orb of fire
 46466 | Zot:5    | Killed an ancient lich
 46467 | Zot:5    | Noticed an orb of fire
 46471 | Zot:5    | Noticed an orb of fire
 46472 | Zot:5    | Noticed a Killer Klown
 46475 | Zot:5    | Noticed an orb of fire
 46480 | Zot:5    | Noticed a Killer Klown
 46485 | Zot:5    | Noticed a Killer Klown
 46489 | Zot:5    | Killed an orb of fire
 46490 | Zot:5    | Reached skill level 22 in Invocations
 46491 | Zot:5    | Noticed a Killer Klown
 46498 | Zot:5    | Gained mutation: Armour fits poorly on your strangely
                  | shaped body. [an orb of fire]
 46511 | Zot:5    | Gained mutation: You sometimes lose your temper in combat.
                  | [an orb of fire]
 46513 | Zot:5    | Killed an orb of fire
 46523 | Zot:5    | Gained mutation: You have an uncontrollable temper. [an orb
                  | of fire]
 46544 | Zot:5    | Killed an orb of fire
 46549 | Zot:5    | Gained mutation: You occasionally lose the ability to drink
                  | potions when taking damage. [an orb of fire]
 46552 | Zot:5    | Lost mutation: Armour fits poorly on your strangely shaped
                  | body. [an orb of fire]
 46562 | Zot:5    | Killed an orb of fire
 46573 | Zot:5    | Killed a Killer Klown
 46588 | Zot:5    | Killed a Killer Klown
 46592 | Zot:5    | Killed a Killer Klown
 46598 | Zot:5    | Killed a Killer Klown
 46605 | Zot:5    | Noticed a Killer Klown
 46614 | Zot:5    | Noticed a Killer Klown
 46624 | Zot:5    | Noticed a Killer Klown
 46630 | Zot:5    | Killed a Killer Klown
 46635 | Zot:5    | Killed a Killer Klown
 46658 | Zot:5    | Killed a Killer Klown
 46681 | Zot:5    | Noticed an ancient lich
 46695 | Zot:5    | Killed an ancient lich
 46750 | Zot:5    | Noticed a Killer Klown
 46755 | Zot:5    | Killed a Killer Klown
 46869 | Zot:5    | Lost mutation: Your magical capacity is low. (-10% MP)
                  | [potion of mutation]
 46869 | Zot:5    | Lost mutation: You occasionally lose the ability to drink
                  | potions when taking damage. [potion of mutation]
 46869 | Zot:5    | Gained mutation: You passively map a small area around you.
                  | [potion of mutation]
 46869 | Zot:5    | Lost mutation: You passively map a small area around you.
                  | [potion of mutation]
 46870 | Zot:5    | Lost mutation: Your mind is acute. (Int +4, Str/Dex -1)
                  | [potion of mutation]
 46870 | Zot:5    | Lost mutation: You have an uncontrollable temper. [potion
                  | of mutation]
 46870 | Zot:5    | Lost mutation: You sometimes lose your temper in combat.
                  | [potion of mutation]
 46870 | Zot:5    | Gained mutation: You are resistant to electric shocks.
                  | (rElec) [potion of mutation]
 46870 | Zot:5    | Gained mutation: You have a pair of large horns on your
                  | head. [potion of mutation]
 46870 | Zot:5    | Gained mutation: Your mind is acute. (Int +4, Str/Dex -1)
                  | [potion of mutation]
 46879 | Zot:5    | Reached skill level 23 in Invocations
 46886 | Zot:5    | Got the Orb of Zot
 46907 | Zot:5    | Reached XP level 24. HP: 181/207 MP: 37/37
 46998 | Zot:3    | Noticed Kista the pandemonium lord
 47199 | Depths:1 | Found a huge runed translucent gate.
 47200 | Depths:1 | Found a huge runed translucent gate.
 47200 | Depths:1 | Found a huge runed translucent gate.
 47207 | Depths:1 | Found a huge runed translucent gate.
 47208 | Depths:1 | Found a huge runed translucent gate.
 47209 | Depths:1 | Found a huge runed translucent gate.
 47209 | Depths:1 | Found a huge runed translucent gate.
 47326 | D:8      | Found a sacrificial altar of Ru.
 47564 | D:$      | Escaped with the Orb!

Illustrated notes

Levels and vault maps discovered:
D:1:      roderic_octagonal_star, layout_loops_cross, wad_floor_pattern_2,
          minmay_misc_feat_tiny
D:2:      layout_basic, kennysheep_generic_room_16, uniq_crazy_yiuf_cottage
D:3:      layout_loops_ring, nicolae_ecumenical_pavilion
D:4:      old_forge, layout_loops_cross, makhleb_altar_promises_db,
          chequers_serial_rivers_marsh, uniq_sigmund, uniq_robin
D:5:      layout_loops_ring, nemelex_spade_bored_becter,
          chequers_serial_rivers_large_b, kennysheep_nub
D:6:      layout_basic, mainiacjoe_overflow_chevrons,
          nicolae_dithmenos_shadow_blocks, lemuel_tele_altar,
          dreamdust_wishing_well, hangedman_decor_slide_cut, uniq_jeremiah
D:7:      layout_basic, grunt_temple_overflow_holy_war, general_overflow_altar,
          minmay_temple_entry_ruins, gammafunk_ghost_icy
D:8:      layout_loops_ring, nicolae_overflow_hidden_temple,
          nzn_wu_jian_contemplation, nicolae_benzene_ring, uniq_gastronok
D:9:      layout_irregular_city, amcnicky_altar_gilded,
          mainiacjoe_overflow_alcove_2, lair_entry_dummy, serial_park_tiny_1,
          uniq_maurice
D:10:     layout_loops_corners, vehumet_altar_wand_db, hiddenorc2_lemuel,
          enter_bailey_5
D:11:     layout_basic, gauntlet_entry_generic
D:12:     layout_basic, maelrawn_ghost_gauntlet_escape,
          small_chamber_with_monster, minmay_shattered_shrine, uniq_josephine,
          uniq_azrael
D:13:     layout_layer_cave, hangedman_vaults_entry_quadrant_bands
D:14:     layout_rooms, uniq_kirke, uniq_lodul
D:15:     gammafunk_depths_entry_grave, layout_loops_ring, serial_bayou_shore_b,
          uniq_louise
Lair:1:   layout_cave_pods, nicolae_volcano_entry_s_turn, grunt_megastairs_5,
          uniq_erica
Lair:2:   layout_gridlike, nicolae_shoals_entry_flooding,
          spider_nest_entry_web_field, grunt_megastairs_4, uniq_urug
Lair:3:   layout_regular_city
Lair:4:   layout_roguey, infiniplex_staircase_pool_2
Lair:5:   hangedman_lair_caniforms_friends, layout_regular_city,
          guppyfry_lair_end_dragon, slime_entry_1, grunt_megastairs_1,
          serial_bayou_shore_a
Shoals:1: layout_shoals, portal_ice_cave_entry_pillars_three, uniq_mlioglotl
Shoals:2: layout_shoals, nicolae_shop_self_help
Shoals:3: layout_shoals, nicolae_tricolors, uniq_ilsuiw
Shoals:4: shoals_end_simple, layout_shoals, serial_shops, shop, uniq_polyphemus
Spider:1: layout_chambers, nicolae_spider_orb_run,
          hangedman_spider_tarantella_strand
Spider:2: layout_cave_pods, nicolae_spider_bug_shape, uniq_arachne
Spider:3: layout_spider_delve, nicolae_spider_scorpion_nest
Spider:4: grunt_spider_rune_parallel
Orc:1:    layout_diamond_mine, basic_altar, mines3_lemuel
Orc:2:    grunt_orc_community_town_hall, layout_caves,
          grunt_orc_community_big_house_2, grunt_orc_community_big_house_1,
          grunt_orc_community_house_3, grunt_orc_community_house_2,
          grunt_orc_community_house_1, grunt_orc_community_house_2,
          serial_shops, shop
Elf:1:    layout_loops_cross, hangedman_corner_corridor,
          nicolae_shop_firing_range
Elf:2:    elven_hall_of_blades_hangedman_alternative
          [nicolae_vaults_blade_armed_guards], layout_loops_corners,
          serial_shops, shop
Elf:3:    minmay_elf_hall_furrowed, layout_gridlike, elf_orc_summit_meeting
Depths:1: layout_roguey, enter_ziggurat_f, minmay_stone_trees_large, hell_entry,
          serial_shops, bzr_entry_safe, door_vault, uniq_bai_suzhen,
          uniq_nikola, uniq_asterion
Depths:2: minmay_the_grid_3x3 [minmay_the_grid_tri_star,
          minmay_the_grid_stretched_grid, minmay_the_grid_aliased_spiral,
          minmay_the_grid_artifice, minmay_the_grid_square_x,
          minmay_the_grid_minigrid_large, minmay_the_grid_tiny_cups,
          minmay_the_grid_dragon_a, minmay_the_grid_prize_trominoes],
          layout_honeycomb, chequers_hall_statues_wall_a, pan_entry,
          abyss_entry, pf_coc_iceberg, yredelemnul_forgotten_temple_becter,
          uniq_josephina
Depths:3: grunt_profane_halls [grunt_profane_loot, grunt_profane_temple_coc,
          grunt_profane_temple_dis, grunt_profane_temple_geh,
          grunt_profane_temple_tar], abyss_entry, pan_entry, hell_entry,
          uniq_boris
Depths:4: evilmike_zot_entry_hall, layout_cave_pools, nicolae_the_louvre,
          abyss_entry_small_statue_room, grunt_pan_entry_sceptre, hell_entry
Zot:1:    layout_twisted_circle, guppyfry_library_mini
Zot:2:    minmay_elemental_castle, layout_twisted_circle
Zot:3:    hellmonk_crystal_mountain, layout_onion, ebering_ghost_disaster_area
Zot:4:    dreamdust_black_sun_cult, layout_misc_corridors
Zot:5:    layout_gridlike

Skill      XL: |  1  2  3  4  5  6  7  8  9 10 11 12 13 14 15 16 17 18 19 20 21 22 23 24 |
---------------+-------------------------------------------------------------------------+-----
Armour         | 2 3 4 5 7 8 9 11 13 15 17 18 19 20 | 20.0
Fighting       | 3 4 5 6 7 8 9 11 13 14 15 17 18 19 20 21 22 | 22.1
Axes           | 3 4 6 7 8 9 |  9.9
Dodging        | 3 4 5 6 7 9 10 12 14 16 17 18 20 | 20.0
Invocations    | 1 3 5 10 16 20 23 | 23.2
Long Blades    | 12 15 16 | 16.0
Shields        | 4 7 10 13 15 17 19 20 | 20.0
Evocations     | 5 6 |  6.0
Throwing       | |  1.0
Spellcasting   | |  1.3
Translocations | |  2.1

Action                     |  1- 3 |  4- 6 |  7- 9 | 10-12 | 13-15 | 16-18 | 19-21 | 22-24 || total
---------------------------+-------+-------+-------+-------+-------+-------+-------+-------++-------
  Melee: Hand axe          |    87 |    98 |    31 |       |       |       |       |       ||   216
         Headbutt          |    16 |    18 |    18 |    37 |   107 |   267 |   277 |   285 ||  1025
         Punch             |     2 |       |       |     1 |       |       |       |       ||     3
         Double sword      |       |       |   110 |   184 |   474 |  1081 |   934 |   877 ||  3660
         Scimitar          |       |       |       |       |    10 |       |       |       ||    10
  Throw: Dart              |       |     3 |       |    12 |     1 |     7 |     2 |     4 ||    29
         Throwing net      |       |       |       |       |       |     1 |     2 |     4 ||     7
 Invoke: Ancestor Identity |       |     2 |       |       |       |       |       |       ||     2
         Ancestor Life: Ba |       |     1 |       |       |       |       |       |       ||     1
         Recall Ancestor   |       |       |       |     1 |       |     2 |    10 |    11 ||    24
         Idealise          |       |       |       |       |       |       |     1 |    20 ||    21
         Transference      |       |       |       |       |       |       |       |     6 ||     6
  Evoke: Wand              |       |       |       |     3 |       |     9 |     9 |     7 ||    28
         Tin of tremorston |       |       |       |       |       |     4 |       |       ||     4
    Use: Scroll            |       |       |    13 |     3 |    12 |    18 |     8 |    18 ||    72
         Potion            |       |       |     1 |     3 |     5 |     7 |     4 |    18 ||    38
   Stab: Distracted        |       |       |     1 |     2 |     6 |    22 |    28 |    22 ||    81
         Sleeping          |       |       |       |       |     5 |       |       |       ||     5
         Paralysed         |       |       |       |       |       |     5 |       |       ||     5
         Held in net/web   |       |       |       |       |       |     2 |     1 |     1 ||     4
 Armour: Chain mail        |    58 |    82 |   138 |   195 |    86 |   109 |       |       ||   668
         Leather armour    |     2 |       |       |       |       |       |       |       ||     2
         Acid dragon scale |       |       |       |    23 |   273 |       |       |       ||   296
         Plate armour      |       |       |       |       |       |   704 |   331 |    46 ||  1081
         Gold dragon scale |       |       |       |       |       |       |       |   424 ||   424
  Dodge: Dodged            |    30 |    35 |    79 |   144 |   354 |   485 |   234 |   164 ||  1525
  Block: Buckler           |       |       |       |     3 |   121 |    71 |       |       ||   195
         Tower shield      |       |       |       |       |       |  1035 |   918 |   769 ||  2722
